 Dungeon Crawl Stone Soup version 0.29.1 (webtiles) character file.

Game seed: 8874313683965368020

35 wakxed the Magician (level 3, -4/24 HPs)
             Began as a Spriggan Earth Elementalist on Sept 13, 2022.
             Slain by Sigmund
             ... wielding a +0 scythe
              (7 damage)
             ... on level 2 of the Dungeon.
             The game lasted 00:04:18 (1065 turns).

wakxed the Magician (Spriggan Earth Elementalist)   Turns: 1065, Time: 00:04:19

Health: -4/24      AC: 21    Str:  3 (4)  XL:     3   Next: 17%
Magic:  5/8        EV:  4    Int: 16      God:
Gold:   57         SH:  0    Dex: 17      Spells: 5/8 levels left

rFire   . . .      SeeInvis +   f - +0 dagger
rCold   . . .      Faith    .   (no shield)
rNeg    . . .      Spirit   .   (body armour currently unavailable)
rPois   +          Reflect  .   (helmet currently unavailable)
rElec   .          Harm     .   (cloak currently unavailable)
rCorr   .          Rampage  .   (gloves unavailable)
Will    .....      NoTele   +   (boots unavailable)
Stlth   ++........              (no amulet)
HPRegen 0.08/turn               (no ring)
MPRegen 0.11/turn               (no ring)

@: tree-form, very slow
A: stationary, stasis, torment immunity, boosted hp, very small, no large
weapons, unfitting armour, see invisible, (speed 3)
a: no special abilities


You were on level 2 of the Dungeon.
You were a tree.
You visited 1 branch of the dungeon, and saw 2 of its levels.

You collected 57 gold pieces.

Inventory:

Hand Weapons
 f - a +0 dagger (weapon)
Armour
 a - a +0 robe (melded)
Scrolls
 e - a scroll of enchant weapon {unknown}
 g - a scroll of identify {unknown}
 h - a scroll of brand weapon {unknown}
Potions
 b - a potion of magic


   Skills:
 - Level 2.6 Dodging
 + Level 3.3 Stealth
 + Level 3.3 Spellcasting
 + Level 2.5 Transmutations
 + Level 3.1 Earth Magic


You had 5 spell levels left.
You knew the following spells:

 Your Spells              Type           Power      Damage    Failure   Level
a - Sandblast             Erth           24%        2d8       4%          1
b - Passwall              Tmut/Erth      9%         N/A       9%          2

Your spell library contained the following spells:

 Spells                   Type           Power      Damage    Failure   Level
 Stone Arrow              Conj/Erth      14%        3d7       28%         3
 Ignite Poison            Fire/Tmut/Pois 5%         N/A       36%         3
 Conjure Flame            Conj/Fire      2%         6-21      47%         3
 Petrify                  Tmut/Erth      11%        N/A       50%         4
 Sticky Flame             Conj/Fire      2%         2d3       87%         4


Dungeon Overview and Level Annotations

Branches:
Dungeon (2/15)

Altars:
Cheibriados

Annotations:
D:2 Sigmund


Innate Abilities, Weirdness & Mutations

You are a tree.
Your roots penetrate the ground, keeping you stationary.
You cannot be teleported.
You are immune to unholy pain and torment.
Your maximum health is greatly increased.
Your equipment is partially melded.
You are very small and have problems with some larger weapons.
You are too small for most types of armour.
You have supernaturally acute eyesight. (SInv)
((You cover ground extremely quickly. (Speed+++)))


Message History

Confirm with . or Enter, or press ? or * to list all spells.
Aiming: Sandblast (safe; 4% risk of failure)
Press: ? - help, Shift-Dir - straight line, f/p - Sigmund
Aim: Sigmund, wielding a +0 scythe and wearing a +0 robe (heavily wounded, 80% to hit)
The blast of sand misses Sigmund.
Sigmund gestures at you while chanting. The magic dart hits you!
* * * LOW HITPOINT WARNING * * *
Sigmund screams, "Don't try to resist!"
Sigmund closely misses you.
Casting: Sandblast (safe; 4% risk of failure)
Confirm with . or Enter, or press ? or * to list all spells.
Aiming: Sandblast (safe; 4% risk of failure)
Press: ? - help, Shift-Dir - straight line, f/p - Sigmund
Aim: Sigmund, wielding a +0 scythe and wearing a +0 robe (heavily wounded, 80% to hit)
The blast of sand hits Sigmund.
Sigmund is severely wounded.
A jackal comes into view.
Sigmund casts a spell at you.
You are confused.
You're too confused to cast spells.
Sorry, you're not good enough to have a special ability.
You're too confused to cast spells.
You are too confused!
It was a potion of lignification.
You turn into a tree.
Your +0 robe melds into your body.
Your roots penetrate the ground.
Sigmund casts a spell at you. You resist with some effort.
It was a potion of flight.
Your roots keep you in place.
Sigmund casts a spell at you. You resist with some effort.
You cannot move. (Use ctrl+direction or * direction to attack while stationary and confused.)
You swing at nothing.
Sigmund hits you but does no damage.
You swing at nothing.
The jackal barely misses you.
You hit Sigmund but do no damage.
Sigmund is severely wounded.
You feel less confused.
Sigmund giggles. "Time to reap what you sow."
Sigmund hits you with a +0 scythe!
You die...

#>....# #####..####
.......... #.........#
#.........## #
#..........########
#..###..................
#.....@h.............#..
##.♣.......#........
B###..........#........
#..............#........
#####.....######.....#..
##.......#####.#####
#######.......#
#########


You could see Sigmund and a jackal.

Vanquished Creatures
  An adder (D:2)
  A ball python (D:1)
  2 endoplasms (D:1)
  3 goblins
  2 hobgoblins (D:1)
  6 jackals
  3 kobolds
  A quokka (D:2)
  A bat (D:1)
  A frilled lizard (D:2)
  2 rats
23 creatures vanquished.

Notes
Turn   | Place    | Note
-------+----------+-------------------------------------------
     0 | D:1      | wakxed the Spriggan Earth Elementalist began the quest for
                  | the Orb.
     0 | D:1      | Reached XP level 1. HP: 9/9 MP: 5/5
   121 | D:1      | Reached XP level 2. HP: 13/13 MP: 4/7
   177 | D:1      | Learned a level 2 spell: Passwall
   520 | D:1      | You fall into a shaft and drop 1 floor!
   522 | D:2      | Noticed Sigmund
   738 | D:1      | Found a faded altar of an unknown god.
   743 | D:1      | Prayed at the altar of an unknown god.
   743 | D:1      | Became a worshipper of Cheibriados the Contemplative
   743 | D:1      | Reached * piety under Cheibriados
   744 | D:1      | Fell from the grace of Cheibriados
   956 | D:2      | Reached XP level 3. HP: 16/16 MP: 8/8
  1065 | D:2      | Slain by Sigmund

Illustrated notes

Levels and vault maps discovered:
D:1:      lightli_arrival_chessboard, layout_loops_ring,
          hellmonk_ecumenical_altar_run_dry
D:2:      layout_loops_ring, uniq_sigmund

Skill      XL: |  1  2 |
---------------+-------+-----
Spellcasting   | 3 |  3.3
Transmutations | 2 |  2.5
Earth Magic    | 3 |  3.1
Dodging        | |  2.6
Stealth        | |  3.3

Action                   || total
-------------------------++-------
Melee: Dagger            ||     7
 Cast: Sandblast         ||    30
Invok: Renounce Religion ||     1
  Use: Potion            ||     2
 Stab: Sleeping          ||     6
Armor: Robe              ||     2
       Skin              ||     1
Dodge: Dodged            ||    13
